 Dungeon Crawl Stone Soup version 0.19.1 (webtiles) character file.

1961 Kailar the Chopper (level 9, 77/77 HPs)
             Began as a Minotaur Berserker on Nov 28, 2016.
             Was an Elder of Trog.
             Quit the game on level 7 of the Dungeon.
             The game lasted 01:18:51 (6638 turns).

Kailar the Chopper (Minotaur Berserker)             Turns: 6638, Time: 01:18:51

Health: 77/77      AC: 15    Str: 23    XL:     9   Next: 0%
Magic:  8/8        EV:  8    Int:  4    God:    Trog [****..]
Gold:   422        SH:  5    Dex: 12    Spells: 0 memorised, 8 levels left

rFire  . . .     SeeInvis .     y - +0 war axe
rCold  . . .     Gourm    .     Y - +0 plate armour
rNeg   + . .     Faith    .     (no shield)
rPois  .         Spirit   .     (helmet restricted)
rElec  .         Reflect  +     K - +0 cloak
rCorr  .         Harm     .     (no gloves)
MR     .....                    v - +0 pair of boots
Stlth  ..........               d - +5 amulet of reflection
                                (no ring)
                                g - ring of positive energy

@: no status effects
A: retaliatory headbutt, horns 2
a: Berserk, Trog's Hand, Brothers in Arms, Burn Spellbooks, Renounce Religion


You were on level 7 of the Dungeon.
You worshipped Trog.
Trog was greatly pleased with you.
You were not hungry.

You visited 2 branches of the dungeon, and saw 8 of its levels.
You also visited: Sewer.

You collected 422 gold pieces.

Inventory:

Hand Weapons
 a - a +0 hand axe
 i - a +0 hunting sling
 n - a +0 dagger
 y - a +0 war axe (weapon)
 I - a +0 flail
 J - a +0 arbalest
 P - a +0 giant club
 T - a +0 giant spiked club
 W - a +0 scimitar
 X - a +0 scythe
Missiles
 e - 74 bolts
 h - 220 stones (quivered)
 j - 27 sling bullets
 k - 2 silver tomahawks
 u - 18 poisoned needles
 A - 5 tomahawks
 C - 24 arrows
Armour
 b - a +0 animal skin
 o - a +0 robe
 p - a +1 ring mail
 q - a +0 ring mail
 r - a +0 leather armour
 v - a +0 pair of boots (worn)
 w - a +0 scale mail
 z - a +0 scale mail
 F - a +0 helmet
 H - a +0 chain mail
 K - a +0 cloak (worn)
 Q - a +0 cloak
 Y - a +0 plate armour (worn)
Jewellery
 d - a +5 amulet of reflection (around neck)
 f - an uncursed amulet of magic regeneration
 g - a ring of positive energy (left hand)
Wands
 N - a wand of flame (16/48)
Scrolls
 m - 4 scrolls of remove curse
 t - a scroll of identify
 x - 3 scrolls of teleportation
 B - a scroll of magic mapping
 D - a scroll of amnesia
 L - a scroll of fog
 M - a scroll of noise
Potions
 s - 2 potions of ambrosia
 E - 4 potions of curing
 G - 3 potions of haste
 O - 2 potions of flight
 S - a potion of berserk rage
 V - a potion of magic
Books
 Z - a book of Clouds

   Spells                             Type                      Level
   a - Mephitic Cloud                 Conjuration/Poison/Air       3
   b - Conjure Flame                  Conjuration/Fire             3
   c - Poisonous Cloud                Conjuration/Poison/Air       6
   d - Freezing Cloud                 Conjuration/Ice/Air          6
   e - Ring of Flames                 Charms/Fire                  7
   Trog disapproves of the use of such an item.
Comestibles
 c - 8 bread rations
 l - 2 meat rations
 R - 4 fruits
 U - 7 chunks of flesh


   Skills:
 + Level 6.3 Fighting
 * Level 6.5(7.3) Axes
 - Level 5.0(6.6) Maces & Flails
 - Level 2.2(3.5) Slings
 * Level 4.8 Crossbows
 - Level 3.8(4.0) Throwing
 + Level 6.5 Armour
 * Level 3.4 Dodging
 - Level 0.8 Stealth


You had 8 spell levels left.
You didn't know any spells.

Dungeon Overview and Level Annotations

Branches:
Dungeon (7/15)             Temple (1/1) D:4

Altars:
Dithmenos
Fedhas
Makhleb
Qazlal
Trog
Uskayaw
Yredelemnul
The Shining One


Innate Abilities, Weirdness & Mutations

You reflexively headbutt those who attack you in melee.
You have a pair of horns on your head.


Message History

You feel sick.
You feel sick.
You feel sick.
You feel sick.
You feel sick.
You are no longer poisoned.
There is an escape hatch in the floor here.
You slide downwards.
The hatch slams shut behind you.
Found a stone staircase leading down.
There is a stone staircase leading down here.
Found a leatherbound book.
Z - a book of Clouds Your pack is full.
You see here a royal jelly.
Okay, then.
Unknown command.
Unknown command.
Unknown command.
Unknown command.
Are you sure you want to abandon this character and quit the game? (Confirm with "yes".)

...... ####...
...... #... ....
#### #... # ..# #
#.####### #
#.#.....# #
#.#.#######.#.###.#
#
#.....@.........#.#
#
###.#####.....#.#.#
# ##........# #
##.###.####### ..#
#........ ##.#
######### #.# #.#
#.#


There were no monsters in sight!

Vanquished Creatures
  Prince Ribbit (D:5)
  A hippogriff (D:6)
  Sigmund (D:6)
  An orc warrior (D:6)
  2 phantoms (D:4)
  3 ogres
  A crocodile (Sewer)
  A scorpion (D:4)
  A crimson imp (D:6)
  A centaur zombie (D:5)
  A quasit (D:6)
  A bullfrog zombie (D:5)
  4 orc wizards
  2 orc priests
  A jelly (D:6)
  4 hounds
  4 worker ants
  A hound skeleton (D:6)
  A worker ant zombie (D:6)
  A howler monkey skeleton (D:5)
  5 adders
  An ooze (D:4)
  4 worms
  2 dart slugs
  8 leopard geckos
  19 orcs
  13 bats
  8 giant cockroaches
  9 goblins
  12 hobgoblins
  9 jackals
  6 kobolds
  2 quokkas
  5 ball pythons
  12 frilled lizards
  3 goblin zombies (D:6)
  3 hobgoblin zombies (D:6)
  An orc skeleton (D:6)
  An orc zombie (D:6)
  8 rats
164 creatures vanquished.

Notes
Turn   | Place    | Note
-------+----------+-------------------------------------------
     0 | D:1      | Kailar the Minotaur Berserker began the quest for the Orb.
     0 | D:1      | Reached XP level 1. HP: 19/19 MP: 0/0
    34 | D:1      | Reached XP level 2. HP: 23/27 MP: 1/1
   377 | D:1      | Reached ** piety under Trog
   444 | D:1      | Reached XP level 3. HP: 33/33 MP: 2/2
  1876 | D:2      | Reached XP level 4. HP: 41/41 MP: 3/3
  1953 | D:3      | Noticed an air elemental
  2016 | D:3      | Reached skill level 1 in Slings
  2266 | D:3      | Reached *** piety under Trog
  2680 | D:3      | Reached skill level 5 in Axes
  2793 | D:3      | Noticed a fire elemental
  2795 | D:3      | Found a stormy altar of Qazlal.
  2809 | D:3      | Noticed a water elemental
  2819 | D:3      | Noticed an earth elemental
  3142 | D:4      | Noticed a phantom
  3179 | D:3      | Reached XP level 5. HP: 33/47 MP: 4/4
  3268 | D:4      | Noticed a phantom
  3312 | D:4      | Killed a phantom
  3312 | D:4      | Reached XP level 6. HP: 47/53 MP: 5/5
  3401 | D:4      | Found a staircase to the Ecumenical Temple.
  3480 | D:4      | Reached skill level 1 in Throwing
  3717 | D:4      | Reached skill level 5 in Fighting
  3734 | D:4      | Reached skill level 1 in Maces & Flails
  3734 | D:4      | Reached XP level 7. HP: 55/61 MP: 6/6
  3862 | D:4      | Reached skill level 1 in Crossbows
  4001 | D:5      | Entered Level 5 of the Dungeon
  4038 | Temple   | Entered the Ecumenical Temple
  4182 | D:5      | Found a hide-covered altar of Uskayaw.
  4685 | D:5      | Noticed Prince Ribbit
  4695 | D:5      | Killed Prince Ribbit
  4788 | D:5      | Reached **** piety under Trog
  4788 | D:5      | Reached skill level 5 in Armour
  4970 | D:5      | Reached XP level 8. HP: 69/69 MP: 7/7
  5471 | D:6      | Found a glowing drain.
  5506 | Sewer    | Entered a sewer
  5805 | D:6      | Found a glowing golden altar of the Shining One.
  5862 | D:6      | Noticed a hippogriff
  5873 | D:6      | Killed a hippogriff
  5932 | D:6      | Found a basalt altar of Yredelemnul.
  5940 | D:6      | Noticed Sigmund
  5949 | D:6      | Killed Sigmund
  6163 | D:6      | Received a gift from Trog
  6466 | D:6      | Reached skill level 5 in Maces & Flails
  6477 | D:6      | Reached XP level 9. HP: 65/77 MP: 8/8
  6542 | D:7      | Noticed a white ugly thing
  6638 | D:7      | Quit the game

Skill      XL: |  1  2  3  4  5  6  7  8 |
---------------+-------------------------+-----
Axes           | 4 5 6 |  6.5
Fighting       | 4 5 6 |  6.3
Armour         | 3 4 5 6 |  6.5
Slings         | 1 2 |  2.2
Dodging        | 3 |  3.4
Throwing       | 2 3 |  3.8
Maces & Flails | 1 2 5 |  5.0
Crossbows      | 2 4 |  4.8
Stealth        | |  0.8

Action                   |  1- 3 |  4- 6 |  7- 9 || total
-------------------------+-------+-------+-------++-------
Melee: Hand axe          |    83 |   114 |    30 ||   227
       Headbutt          |    13 |    26 |    20 ||    59
       Flail             |       |    36 |    73 ||   109
       War axe           |       |       |    19 ||    19
 Fire: Hunting sling     |    26 |    12 |       ||    38
       Arbalest          |       |     4 |    45 ||    49
Throw: Stone             |    15 |    77 |    17 ||   109
Invok: Berserk           |     1 |     1 |     3 ||     5
  Use: Scroll            |     5 |     1 |     6 ||    12
       Potion            |     4 |       |       ||     4
  Eat: Chunk             |     3 |     7 |     8 ||    18
       Bread ration      |       |       |     1 ||     1
Armor: Animal skin       |     7 |       |       ||     7
       Ring mail         |     8 |    35 |       ||    43
       Chain mail        |       |    28 |    86 ||   114
Dodge: Dodged            |    42 |    74 |    88 ||   204
Block: Other             |    22 |    22 |    33 ||    77
       Reflection        |     1 |       |       ||     1
